 Dungeon Crawl Stone Soup version 0.16-a0-1163-g830ab83 (webtiles) character file.

1374 Gustav the Ruinous (level 8, 0/46 HPs)
             Began as an Octopode Ice Elementalist on Oct 8, 2014.
             Was a Believer of Vehumet.
             Succumbed to a centaur's poison
             ... on level 6 of the Dungeon.
             The game lasted 00:29:53 (5245 turns).

Gustav the Ruinous (Octopode Ice Elementalist)      Turns: 5245, Time: 00:29:53

Health: 0/46       AC:  1    Str:  7    XL:     8   Next: 66%
Magic:  13/13      EV: 17    Int: 20    God:    Vehumet [**....]
Gold:   260        SH:  0    Dex: 12    Spells: 4 memorised, 1 level left

rFire  x . .     SeeInvis .     H - +4 spear "Scheur" {drain, rF- rC+ rN+ MR+}
rCold  + . .     Clarity  .     (no shield)
rNeg   + . .     SustAb   .     (helmet restricted)
rPois  .         Gourm    .     (no amulet)
rElec  .         Spirit   .     o - +5 ring of evasion
rCorr  .         Warding  .     (no ring)
rMut   .         Stasis   .     (no ring)
MR     +....                    (no ring)
Stlth  +++.......               (no ring)
                                (no ring)
                                (no ring)
                                (no ring)

@: lethally poisoned, somewhat resistant to hostile enchantments, fairly
stealthy
A: almost no armour, amphibious, 8 rings, constrict 8, camouflage 1, gelatinous
body 1
a: Renounce Religion


You were on level 6 of the Dungeon.
You worshipped Vehumet.
Vehumet was pleased with you.
You were hungry.

You visited 1 branch of the dungeon, and saw 6 of its levels.

You collected 260 gold pieces.

Inventory:

Hand weapons
 d - a +0 spear
 i - a -1 mace
 u - a +2 long sword of holy wrath
 E - a cursed -2 dagger
 H - the +4 spear "Scheur" (weapon) {drain, rF- rC+ rN+ MR+}
   (You found it on level 4 of the Dungeon)

   A truly terrible weapon, it drains the life of those it strikes.
   It makes you vulnerable to fire.
   It protects you from cold.
   It protects you from negative energy.
   It affects your resistance to hostile enchantments.
Missiles
 a - 49 stones (quivered)
 f - 3 needles of confusion
Armour
 s - a +0 helmet
Magical devices
 n - a wand of polymorph (6)
 v - a wand of random effects (13)
 C - a wand of digging (15)
Comestibles
 c - 3 bread rations
 m - 2 meat rations
 q - a beef jerky
Scrolls
 e - a scroll of amnesia {unknown}
 g - 5 scrolls of remove curse
 j - 3 scrolls of teleportation
 k - 2 scrolls of enchant armour {unknown}
 p - a scroll of magic mapping {unknown}
 t - a scroll of immolation {unknown}
 w - 2 scrolls of fog {unknown}
 I - 2 scrolls of identify
 J - a scroll of fear {unknown}
Jewellery
 o - a +5 ring of evasion (left tentacle)
 F - an uncursed ring of fire
Potions
 h - a potion of might {unknown}
 l - a potion of lignification {unknown}
 r - a potion of confusion {unknown}
 x - a potion of curing
 z - a potion of berserk rage {unknown}
 A - 2 potions of restore abilities
 B - 3 potions of magic
 D - a potion of agility {unknown}
 G - 2 potions of resistance {unknown}
Books
 b - a book of Frost

   Spells                             Type                      Level
   *Freeze                            Ice                          1
   *Throw Frost                       Conjuration/Ice              2
   *Ozocubu's Armour                  Charms/Ice                   3
   *Throw Icicle                      Conjuration/Ice              4
   Summon Ice Beast                   Ice/Summoning                4
   Condensation Shield                Ice                          4
 y - a book of Wizardry

   Spells                             Type                      Level
   Agony                              Necromancy                   5
   Force Lance                        Conjuration                  5
   Dispersal                          Translocation                6
   Haste                              Charms                       6
   Invisibility                       Hexes                        6
   Spellforged Servitor               Conjuration/Summoning        7


   Skills:
 - Level 2.0 Dodging
 - Level 2.6 Stealth
 - Level 2.0 Spellcasting
 - Level 7.1 Conjurations
 - Level 4.3 Charms
 + Level 6.6 Ice Magic


You had one spell level left.
You knew the following spells:

 Your Spells              Type           Power        Failure   Level  Hunger
a - Freeze                Ice            ####         1%          1    #......
b - Throw Frost           Conj/Ice       ####..       1%          2    ##.....
c - Ozocubu's Armour      Chrm/Ice       ###.....     8%          3    ###....
d - Throw Icicle          Conj/Ice       ####....     12%         4    #####..


Dungeon Overview and Level Annotations

Branches:
Dungeon (6/15)
 Temple: D:4-7

Altars:
Ashenzari
Cheibriados
Kikubaaqudgha
Makhleb
Okawaru
Sif Muna
Vehumet
The Shining One

Annotations:
D:6 Gustav's ghost, experienced HOBe


Innate Abilities, Weirdness & Mutations

You cannot wear most types of armour.
You are amphibious.
You can wear up to eight rings at the same time.
You can use your tentacles to constrict many enemies at once.
Your skin changes colour to match your surroundings (Stealth).
Your rubbery body absorbs attacks (AC +1).


Message History

Gustav's ghost (experienced Hill Orc Berserker) comes into view.
A centaur comes into view.
The centaur shouts!
The centaur wields a shortbow.
The centaur shoots a poisoned arrow.
The poisoned arrow barely misses you.
You see here a poisoned arrow.
The centaur shoots a poisoned arrow.
The poisoned arrow closely misses you.
The centaur shoots a poisoned arrow.
The poisoned arrow hits you!
You see here a poisoned arrow.
The centaur shoots a poisoned arrow.
The poisoned arrow closely misses you.
You see here a poisoned arrow.
The centaur shoots a poisoned arrow.
The poisoned arrow hits you!
You are poisoned.
You see here a poisoned arrow.
You feel sick.
The centaur shoots a poisoned arrow.
The poisoned arrow hits you!
* * * LOW HITPOINT WARNING * * *
You are more poisoned.
You see here a poisoned arrow.
You die...

#.8.#..............
#...#(...#...###...
##.##....#.........
#######'##(W.###........
##.[.##...#(###
#..W.#... #>.8..'.8.(.#
#####..... ##...##..(###
#....##### #######(##
#......... ##@##
####.....###. #c..#
.......W..... #.8.#
.........#### #...#
............. ##<##
....####.###. ###
...........#.
.....###..##.
.####.....#. #...##...#.


You could see a centaur and Gustav's ghost.

Vanquished Creatures
  Grinder (D:5)
  3 ice beasts
  An ogre (D:5)
  The ghost of tedric the Changer, an average VSTm (D:4)
  A goliath beetle (D:5)
  2 crimson imps
  A quasit (D:6)
  3 orc priests (D:5)
  3 hounds
  3 iguanas
  4 worker ants
  7 adders
  2 shadow imps (D:5)
  A scorpion zombie (D:5)
  3 giant mites
  2 worms
  15 orcs
  10 giant cockroaches
  6 goblins
  10 hobgoblins
  6 jackals
  11 kobolds
  3 quokkas
  4 ball pythons
  8 bats
  5 giant newts
  A quokka zombie (D:6)
  11 rats
128 creatures vanquished.

Notes
Turn   | Place    | Note
--------------------------------------------------------------
     0 | D:1      | Gustav, the Octopode Ice Elementalist, began the quest for the Orb.
     0 | D:1      | Reached XP level 1. HP: 11/11 MP: 3/3
   230 | D:1      | Reached XP level 2. HP: 13/17 MP: 2/4
   234 | D:1      | Learned a level 2 spell: Throw Frost
   280 | D:1      | Found a glowing golden altar of the Shining One.
   538 | D:1      | Reached skill level 4 in Ice Magic
   570 | D:1      | Reached XP level 3. HP: 3/21 MP: 3/6
  1202 | D:2      | Learned a level 3 spell: Ozocubu's Armour
  1448 | D:2      | Reached XP level 4. HP: 27/27 MP: 1/7
  1578 | D:2      | Found a snail-covered altar of Cheibriados.
  1693 | D:2      | Found a radiant altar of Vehumet.
  1699 | D:2      | Became a worshipper of Vehumet
  2100 | D:3      | Reached skill level 1 in Charms
  2168 | D:3      | Found an ancient bone altar of Kikubaaqudgha.
  2168 | D:3      | Found a shattered altar of Ashenzari.
  2169 | D:3      | Found a deep blue altar of Sif Muna.
  2267 | D:4      | Reached XP level 5. HP: 14/31 MP: 5/9
  3056 | D:4      | Reached XP level 6. HP: 36/36 MP: 2/10
  3110 | D:4      | Noticed tedric's ghost (average VSTm)
  3141 | D:4      | Found an iron altar of Okawaru.
  3182 | D:4      | Killed tedric's ghost
  3270 | D:5      | Entered Level 5 of the Dungeon
  3291 | D:5      | Acquired Vehumet's first power
  3291 | D:5      | Offered knowledge of Shock by Vehumet.
  3627 | D:5      | Reached XP level 7. HP: 22/41 MP: 3/12
  3804 | D:5      | Noticed Grinder
  3865 | D:5      | Killed Grinder
  3865 | D:5      | Reached skill level 6 in Conjurations
  3897 | D:5      | Learned a level 4 spell: Throw Icicle
  4487 | D:4      | Got a slimy spear
  4488 | D:4      | Identified the +4 spear "Scheur" {drain, rF- rC+ rN+ MR+} (You found it on level 4 of the Dungeon)
  4579 | D:5      | Reached skill level 7 in Conjurations
  4579 | D:5      | Reached XP level 8. HP: 40/46 MP: 10/13
  4643 | D:5      | Reached skill level 5 in Ice Magic
  4873 | D:6      | Offered knowledge of Sting by Vehumet.
  5202 | D:6      | Found a burning altar of Makhleb.
  5217 | D:6      | Noticed Gustav's ghost (experienced HOBe)
  5244 | D:6      | HP: 2/46 [centaur/ poisoned arrow (16)]
  5245 | D:6      | Succumbed to a centaur's poison

Action                   |  1- 3 |  4- 6 |  7- 9 || total
-------------------------+-------+-------+-------++-------
Melee: Spear             |    17 |       |    58 ||    75
       Mace              |    24 |    43 |       ||    67
       Long sword        |       |    53 |    34 ||    87
Throw: Stone             |       |    10 |     4 ||    14
 Cast: Freeze            |    22 |    28 |    19 ||    69
       Throw Frost       |     8 |    38 |    17 ||    63
       Ozocubu's Armour  |       |       |     7 ||     7
       Throw Icicle      |       |       |     1 ||     1
  Use: Scroll            |       |     1 |     4 ||     5
 Stab: Sleeping          |     6 |     4 |     5 ||    15
  Eat: Chunk             |     2 |    10 |     5 ||    17
       Beef jerky        |       |       |     1 ||     1
